 Dungeon Crawl Stone Soup version 0.27-a0-1136-g0b992a5a9d (console) character file.

Game seed: 1171400582690723161

91105 nht the Black Belt (level 15, -7/149 HPs)
             Began as a Vampire Transmuter on May 4, 2021.
             Was the Champion of Makhleb.
             Shot with an arrow by a centaur warrior (30 damage)
             ... on level 12 of the Dungeon.
             The game lasted 00:48:18 (20396 turns).

nht the Black Belt (Vampire Transmuter)            Turns: 20396, Time: 00:48:19

Health: -7/149     AC: 13    Str:  9    XL:     15   Next: 54%
Magic:  27/27      EV: 12    Int: 23    God:    Makhleb [******]
Gold:   1511       SH:  0    Dex: 16    Spells: 3/30 levels left

rFire    . . .     SeeInvis +     - Unarmed
rCold    . . .     Faith    .   (shield currently unavailable)
rNeg     . . .     Spirit   .   (armour currently unavailable)
rPois    +         Reflect  .   (helmet currently unavailable)
rElec    .         Harm     .   (cloak currently unavailable)
rCorr    .         Rampage  .   (gloves currently unavailable)
Will     +....                  (boots currently unavailable)
Stlth    +.........             (no amulet)
HPRegen  0.54/turn              J - ring of Jiguuhich {AC+4 Dex+2}
MPRegen  0.20/turn              c - +4 ring of evasion

@: about to teleport, hydra-form, marked, healing quickly, studying Bows
A: fast swimmer, devour, amphibious, boosted hp, alive, very large, (fangs 3),
see invisible, (unbreathing 1), vampiric 2
a: Exsanguinate, End Transformation, Renounce Religion, Minor Destruction,
Lesser Servant of Makhleb, Major Destruction, Greater Servant of Makhleb


You were on level 12 of the Dungeon.
You worshipped Makhleb.
Makhleb was exalted by your worship.
You were a seven-headed hydra.
You visited 4 branches of the dungeon, and saw 21 of its levels.
You also visited: Gauntlet.

You collected 2421 gold pieces.
You spent 910 gold pieces at shops.

Inventory:

Missiles
 i - 11 curare-tipped darts
 m - a throwing net
 N - 17 javelins
 U - 4 boomerangs of dispersal
 V - 5 atropa-tipped darts
Armour
 k - a +4 ring mail (melded)
 q - a +1 pair of gloves (melded)
 v - a +2 pair of boots (melded)
 L - the +1 cloak of Esedy (melded) {rN+ Dex+2}
   (You found it in a Gauntlet)

   It affects your dexterity (+2).
   It protects you from negative energy.
 M - a +2 helmet of intelligence (melded)
Jewellery
 b - a ring of resist corrosion
 c - a +4 ring of evasion (right foreclaw)
 u - a +4 ring of slaying
 x - a ring of poison resistance
 z - a ring of protection from cold
 J - the ring of Jiguuhich (left foreclaw) {AC+4 Dex+2}
   (You found it on level 3 of the Lair of Beasts)

   [ring of protection]

   It affects your AC (+4).
   It affects your dexterity (+2).
 O - a ring of wizardry
Wands
 j - a wand of flame (45)
 p - a wand of digging (6)
 w - a wand of polymorph (5)
 y - a wand of paralysis (8)
 F - a wand of charming (4)
 P - a wand of iceblast (19)
 Q - a wand of acid (12)
 T - a wand of mindburst (9)
Scrolls
 e - 7 scrolls of enchant armour
 f - 7 scrolls of teleportation
 o - 3 scrolls of immolation
 s - 4 scrolls of fog
 A - 2 scrolls of fear
 B - 2 scrolls of enchant weapon
 D - 2 scrolls of silence
 G - 3 scrolls of identify
 R - a scroll of vulnerability
 W - a scroll of blinking
Potions
 a - 2 potions of lignification
 d - 2 potions of mutation
 g - 3 potions of resistance
 h - 3 potions of invisibility
 l - 2 potions of brilliance
 n - 2 potions of cancellation
 r - a potion of might
 t - 2 potions of haste
 C - 2 potions of heal wounds
 H - 6 potions of curing
 I - 2 potions of attraction
 K - 2 potions of flight
Miscellaneous
 E - a piece from Xom's chessboard (15/15)
 S - a lightning rod (4/4)


   Skills:
 + Level 9.6 Fighting
 - Level 2.1 Dodging
 + Level 18.1 Unarmed Combat
 - Level 8.0 Spellcasting
 + Level 14.1 Transmutations
 + Level 9.6 Invocations


You had 3 spell levels left.
You knew the following spells:

 Your Spells              Type           Power      Damage    Failure   Level
a - Wereblood             Tmut           65%        N/A       1%          2
b - Spider Form           Tmut/Pois      20%        N/A       1%          3
c - Hydra Form            Tmut           32%        N/A       1%          5
d - Ice Form              Ice/Tmut       41%        N/A       3%          4
e - Blade Hands           Tmut           32%        N/A       3%          6
f - Dragon Form           Tmut           32%        N/A       19%         7

Your spell library contained the following spells:

 Spells                   Type           Power      Damage    Failure   Level
 Beastly Appendage        Tmut           100%       N/A       1%          1
 Animate Skeleton         Necr           18%        N/A       7%          1
 Apportation              Tloc           18%        N/A       7%          1
 Corona                   Hex            10%        N/A       7%          1
 Foxfire                  Conj/Fire      36%        2x1d5     7%          1
 Pain                     Necr           36%        1d5       7%          1
 Summon Small Mammal      Summ           36%        N/A       7%          1
 Call Imp                 Summ           9%         N/A       11%         2
 Call Canine Familiar     Summ           9%         N/A       21%         3
 Conjure Flame            Conj/Fire      9%         6-21      21%         3
 Inner Flame              Hex/Fire       9%         N/A       21%         3
 Lesser Beckoning         Tloc           4%         N/A       21%         3
 Summon Guardian Golem    Hex/Summ       9%         N/A       21%         3
 Tukima's Dance           Hex            9%         N/A       21%         3
 Vampiric Draining        Necr           4%         2d6       21%         3
 Alistair's Intoxication  Tmut/Pois      27%        N/A       11%         5
 Irradiate                Conj/Tmut      20%        3d20      11%         5
 Statue Form              Tmut/Erth      27%        N/A       50%         6
 Animate Dead             Necr           4%         N/A       56%         4
 Sticky Flame             Conj/Fire      9%         2d3       56%         4
 Summon Ice Beast         Ice/Summ       9%         N/A       56%         4
 Summon Lightning Spire   Summ/Air       9%         N/A       56%         4
 Agony                    Necr           9%         N/A       88%         5
 Fireball                 Conj/Fire      4%         3d4       88%         5
 Invisibility             Hex            9%         N/A       100%        6


Dungeon Overview and Level Annotations

Branches:
Dungeon (12/15)            Temple (1/1) D:4            Lair (6/6) D:8
  Swamp (0/4) Lair:2       Spider (0/4) Lair:4        Slime (0/5) Lair:6
    Orc (2/2) D:10            Elf (0/3) Orc:2       Gauntlet (visited)

Altars:
Ashenzari
Cheibriados
Dithmenos
Elyvilon
Fedhas
Gozag
Hepliaklqana
Kikubaaqudgha
Makhleb
Nemelex Xobeh
Okawaru
Qazlal
Ru
Sif Muna
Trog
Uskayaw
Vehumet
Wu Jian
Xom
Yredelemnul
Zin
The Shining One
Beogh

Shops:
D:3 (   D:10 :   Orc:2 ([?[

Annotations:
Lair:4 1 runed translucent door, Orgheunu's ghost, journeyman DDFi
Lair:6 exclusions: obsidian statue and oklob plant


Innate Abilities, Weirdness & Mutations

You are a seven-headed hydra.
You swim very quickly.
You can devour living enemies to heal.
You are amphibious.
Your maximum health is greatly increased.
Your armour is entirely melded.
You are incapable of wielding weapons or throwing items.
Your natural rate of healing is accelerated.
((You have razor-sharp teeth.))
You have supernaturally acute eyesight. (SInv)
((You can survive without breathing.))
You are afflicted with vampirism and can become a bat while bloodless.


Message History

The orc wizard hits you but does no damage.
You chomp the orc!!!
You devour the orc!
You feel better.
You kill the orc!
Makhleb accepts your kill.
You feel better.
You completely miss the orc wizard. You barely miss the orc priest.
The orc priest closely misses you. The unseen horror barely misses you.
You barely miss the orc priest.
You nip at the unseen horror.
You gouge the orc wizard!!
You devour the orc wizard!
You feel better.
You kill the orc wizard!
Makhleb accepts your kill.
You feel better.
The unseen horror hits you but does no damage.
A centaur warrior comes into view.
You nip at the orc priest.
The orc priest is lightly wounded.
You gouge the unseen horror!!
The unseen horror misses you. The unseen horror barely misses you.
The orc wizard points at you and mumbles some strange words.
The unseen horror resists with some effort.
The unseen horror hits you.
As you read the scroll of fear, it crumbles to dust.
You assume a fearsome visage.
The unseen horror looks frightened!
The skeletal warrior is unaffected. x2; The orc looks frightened!
The orc priest looks frightened!
The orc wizard looks frightened!
The skeletal warrior misses you.
The orc wizard points at itself and mumbles some strange words.
The orc wizard flickers and vanishes for a moment.
Okay, then.
As you read the scroll of teleportation, it crumbles to dust.
You feel strangely unstable.
The skeletal warrior hits you with a +0 hand axe!!
* * * LOW HITPOINT WARNING * * *
A wolf spider comes into view.
Unknown command.
The centaur warrior wields a +0 longbow.
The centaur warrior shoots an arrow.
The arrow hits you.
* * * LOW HITPOINT WARNING * * *
The centaur warrior shoots an arrow.
The arrow hits you!!
You die...

█.█.....█....█ █.███
█.█.....█....█
█.█.....█....█
█.█.....'....█
█.█.....█....█
█.████+██....█
███.......o...z█
█...........).z█
█.............D██
█.....................
█...............oc....
█.........o......s....
█.██████....█+██......
█....█....█ ...x..
█....█....█


███+██ .. █....█....█ . █.+....'....█ You could see 2 skeletal warriors, a wolf
spider, a centaur warrior, an unseen horror (invisible, fleeing), an orc priest
(fleeing), an orc wizard (invisible, fleeing) and an orc (fleeing).

Vanquished Creatures
  Kirke (Lair:6)
  An orc warlord (Orc:2)
  4 dire elephants (Lair:6)
  A minotaur (Gauntlet)
  6 hydras
  A boulder beetle (D:11)
  A catoblepas (Gauntlet)
  A death knight (D:11)
  2 two-headed ogres (D:8)
  6 death yaks
  An orc high priest (Orc:2)
  A soul eater (Gauntlet)
  3 spectral dire elephants (Lair:6)
  Sonja (Orc:2)
  3 skeletal warriors
  A bog body (Lair:2)
  3 orc knights (Orc:2)
  3 necromancers (Lair:6)
  A phantasmal warrior (D:11)
  3 orc sorcerers (Orc:2)
  An oklob plant (Lair:1)
  2 manticores
  3 black mambas
  5 elephants (Lair:6)
  Maurice (D:9)
  2 gargoyles
  A dire elephant skeleton (Lair:6)
  A kobold demonologist (D:11)
  18 cane toads
  A freezing wraith (D:11)
  2 rime drakes
  2 komodo dragons
  3 trolls
  A polar bear (Lair:2)
  3 meliai (Gauntlet)
  4 hornets
  28 blink frogs
  2 spectral elephants (Lair:6)
  13 dream sheep
  3 wyverns
  A vampire (D:11)
  A dire elephant simulacrum (Lair:6)
  Sigmund (D:5)
  43 yaks
  3 hogs (Lair:6)
  A basilisk (Lair:1)
  A fire elemental (D:11)
  8 vampire mosquitoes
  4 spectral cane toads (Lair:6)
  4 wargs
  2 swamp worms (Lair:2)
  Menkaure (D:5)
  An acid dragon (D:11)
  34 water moccasins
  19 orc warriors
  2 black bears
  2 ice beasts
  2 elephant zombies (Lair:6)
  A sky beast (D:4)
  2 ogres
  A necrophage (D:4)
  5 centaurs
  4 elephant skeletons (Lair:6)
  15 wolves
  2 kobold brigands
  12 bullfrogs
  An earth elemental (D:11)
  A gnoll sergeant (D:11)
  2 scorpions
  A water moccasin zombie (D:6)
  A cane toad simulacrum (Lair:6)
  A wyvern skeleton (D:7)
  16 killer bees
  An elephant simulacrum (Lair:6)
  7 wights
  An electric eel (Lair:2)
  3 howler monkeys (D:10)
  6 centaur zombies
  A bullfrog zombie (D:6)
  22 orc priests
  3 hounds
  2 gnoll shamans
  Crazy Yiuf (D:5)
  2 centaur skeletons
  3 iguanas
  18 orc wizards
  A killer bee zombie (D:8)
  A hound zombie (D:5)
  8 gnolls
  18 adders
  4 shadow imps
  An ufetubus (D:6)
  An adder skeleton (D:4)
  A worm (D:4)
  2 dart slugs
  93 orcs
  14 bats
  7 endoplasms
  2 giant cockroaches
  2 goblins
  10 hobgoblins
  3 jackals
  22 kobolds
  3 quokkas
  5 ball pythons
  13 frilled lizards
  3 rats (D:1)
  A bush (Lair:1)
620 creatures vanquished.

Vanquished Creatures (collateral kills)
  A bog body (Lair:2)
  A spectral anaconda (Lair:6)
  A water moccasin (Lair:5)
  An elephant skeleton (Lair:6)
4 creatures vanquished.

Vanquished Creatures (others)
  A dream sheep (Lair:5)
  An air elemental (D:11)
  A water elemental (D:11)
  15 fungi
  28 plants
  22 withered plants (Lair:6)
68 creatures vanquished.

Grand Total: 692 creatures vanquished

Notes
Turn   | Place    | Note
-------+----------+-------------------------------------------
     0 | D:1      | nht the Vampire Transmuter began the quest for the Orb.
     0 | D:1      | Reached XP level 1. HP: 14/14 MP: 3/3
   161 | D:1      | Reached XP level 2. HP: 9/20 MP: 5/5
   270 | D:1      | Reached skill level 4 in Unarmed Combat
   376 | D:1      | Found a faded altar of an unknown god.
   447 | D:1      | Gained mutation: You are afflicted with vampirism and can
                  | become a bat while bloodless. [Vampire growth]
   447 | D:1      | Reached XP level 3. HP: 20/25 MP: 3/6
  1266 | D:2      | Reached XP level 4. HP: 30/31 MP: 5/7
  1450 | D:3      | Reached skill level 5 in Unarmed Combat
  1647 | D:3      | Found Qafioho's Antique Weapon Boutique.
  2515 | D:4      | Noticed a sky beast
  2523 | D:4      | Killed a sky beast
  2524 | D:4      | Reached skill level 6 in Unarmed Combat
  2524 | D:4      | Reached XP level 5. HP: 36/36 MP: 6/8
  2609 | D:4      | Noticed a necrophage
  2622 | D:4      | Killed a necrophage
  2623 | D:4      | Reached skill level 7 in Unarmed Combat
  2623 | D:4      | Reached XP level 6. HP: 39/42 MP: 9/9
  2883 | D:5      | Entered Level 5 of the Dungeon
  2984 | D:4      | Reached skill level 8 in Unarmed Combat
  2992 | D:4      | Found a staircase to the Ecumenical Temple.
  3005 | Temple   | Entered the Ecumenical Temple
  3151 | Temple   | Became a worshipper of Makhleb the Destroyer
  3447 | D:5      | Noticed Sigmund
  3550 | D:5      | Reached XP level 7. HP: 29/47 MP: 10/10
  3650 | D:5      | Learned a level 3 spell: Spider Form
  3679 | D:5      | Noticed a hornet
  3685 | D:5      | Killed a hornet
  3686 | D:5      | Reached skill level 9 in Unarmed Combat
  3839 | D:4      | Learned a level 5 spell: Hydra Form
  3873 | D:5      | Killed Sigmund
  3874 | D:5      | Reached skill level 10 in Unarmed Combat
  4133 | D:5      | Noticed Menkaure
  4140 | D:5      | Killed Menkaure
  4141 | D:5      | Reached XP level 8. HP: 46/53 MP: 11/11
  4302 | D:5      | Found a runed translucent door.
  4303 | D:5      | Noticed Crazy Yiuf
  4382 | D:5      | Killed Crazy Yiuf
  4610 | D:6      | Reached skill level 11 in Unarmed Combat
  5405 | D:7      | Reached * piety under Makhleb
  5406 | D:7      | Reached skill level 12 in Unarmed Combat
  5573 | D:7      | Found an ancient bone altar of Kikubaaqudgha.
  5714 | D:7      | Found a hazy altar of Hepliaklqana.
  5800 | D:7      | Reached XP level 9. HP: 42/58 MP: 8/12
  6336 | D:8      | Reached skill level 13 in Unarmed Combat
  6461 | D:8      | Reached skill level 5 in Transmutations
  6651 | D:8      | Found a staircase to the Lair.
  6715 | D:8      | Noticed a two-headed ogre
  6727 | Lair:1   | Entered Level 1 of the Lair of Beasts
  6846 | D:8      | Reached XP level 10. HP: 50/63 MP: 13/13
  6847 | D:8      | Noticed a two-headed ogre
  6857 | D:8      | Killed a two-headed ogre
  6858 | D:8      | Reached skill level 14 in Unarmed Combat
  6987 | D:8      | Reached ** piety under Makhleb
  7086 | D:8      | Found a radiant altar of Vehumet.
  7198 | D:8      | Killed a two-headed ogre
  7467 | Lair:1   | Noticed a black mamba
  7474 | Lair:1   | Killed a black mamba
  7654 | Lair:1   | Noticed an eight-headed hydra
  7657 | Lair:1   | Noticed a cane toad
  7664 | Lair:1   | Killed an eight-headed hydra
  7667 | Lair:1   | Killed a cane toad
  7668 | Lair:1   | Reached skill level 15 in Unarmed Combat
  7789 | Lair:1   | Noticed a cane toad
  7795 | Lair:1   | Killed a cane toad
  7860 | Lair:1   | Reached skill level 10 in Transmutations
  7865 | Lair:1   | Reached XP level 11. HP: 69/69 MP: 5/14
  7999 | Lair:1   | Reached skill level 1 in Fighting
  8007 | Lair:1   | Reached skill level 1 in Invocations
  8013 | Lair:1   | Identified the +2 scale mail of Polish {rPois Int+4}
  8444 | Lair:1   | Learned a level 4 spell: Ice Form
  8591 | Lair:1   | Noticed an oklob plant
  8709 | Lair:1   | Killed an oklob plant
  9636 | Lair:2   | Reached *** piety under Makhleb
 10052 | Lair:2   | Noticed a bog body
 10054 | Lair:2   | Noticed a bog body
 10075 | Lair:2   | Killed a bog body
 10089 | Lair:2   | Killed a bog body
 10149 | Lair:2   | Found a staircase to the Swamp.
 10327 | Lair:3   | Reached skill level 16 in Unarmed Combat
 10409 | Lair:3   | Reached XP level 12. HP: 84/84 MP: 9/15
 10631 | Lair:3   | Identified the ring of Jiguuhich {AC+4 Dex+2}
 10728 | Lair:3   | Noticed a six-headed hydra
 10733 | Lair:3   | Killed a six-headed hydra
 10734 | Lair:3   | Reached skill level 5 in Fighting
 10827 | Lair:3   | Reached skill level 5 in Invocations
 11160 | Lair:4   | Found a hole to the Spider Nest.
 11378 | Lair:4   | Noticed a five-headed hydra
 11385 | Lair:4   | Killed a five-headed hydra
 11572 | Lair:4   | Reached **** piety under Makhleb
 11783 | Lair:4   | Found a runed translucent door.
 11784 | Lair:4   | Found a shimmering altar of Xom.
 11784 | Lair:4   | Noticed Orgheunu's ghost (journeyman DDFi)
 11785 | Lair:4   | Identified the +5 great mace "Killer Bee's Bane" {chaos,
                  | *Noise +Blink rElec Int+6}
 11854 | Lair:4   | Noticed an eight-headed hydra
 11862 | Lair:4   | Killed an eight-headed hydra
 12059 | Lair:5   | Found a gate leading to a gauntlet.
 12071 | Gauntlet | Entered a Gauntlet
 12071 | Gauntlet | Found a transporter.
 12071 | Gauntlet | Found a transporter.
 12077 | Gauntlet | Found a transporter.
 12094 | Gauntlet | Found a transporter.
 12106 | Gauntlet | Found a transporter.
 12106 | Gauntlet | Found a transporter.
 12107 | Gauntlet | Found a transporter.
 12110 | Gauntlet | Found a transporter.
 12110 | Gauntlet | Found a transporter.
 12115 | Gauntlet | Found a runed translucent door.
 12120 | Gauntlet | Found a runed translucent door.
 12122 | Gauntlet | Found a transporter.
 12138 | Gauntlet | Found a transporter.
 12148 | Gauntlet | Found a transporter.
 12153 | Gauntlet | Found a transporter.
 12187 | Gauntlet | Found a transporter.
 12258 | Gauntlet | Noticed a catoblepas
 12300 | Gauntlet | Reached skill level 5 in Spellcasting
 12300 | Gauntlet | Reached XP level 13. HP: 59/94 MP: 18/20
 12536 | Gauntlet | Identified the +1 cloak of Esedy {rN+ Dex+2}
 12552 | Gauntlet | Noticed a minotaur
 12564 | Gauntlet | Killed a minotaur
 13078 | Lair:5   | Reached skill level 17 in Unarmed Combat
 13081 | Lair:5   | Reached XP level 14. HP: 103/103 MP: 22/22
 13517 | Lair:6   | Entered Level 6 of the Lair of Beasts
 13584 | Lair:6   | Found a staircase to the Slime Pits.
 13663 | Lair:6   | Reached ***** piety under Makhleb
 14454 | Lair:6   | Noticed Kirke
 14466 | Lair:6   | Killed Kirke
 15939 | D:9      | Reached XP level 15. HP: 112/112 MP: 20/26
 15996 | D:9      | Found a shimmering altar of Xom.
 16005 | D:9      | Noticed Maurice
 16013 | D:9      | Killed Maurice
 16024 | D:9      | Found a hide-covered altar of Uskayaw.
 16359 | D:8      | Found a shadowy altar of Dithmenos.
 16399 | D:10     | Entered Level 10 of the Dungeon
 16458 | D:10     | Reached ****** piety under Makhleb
 16781 | D:10     | Found Qicloxom's Book Boutique.
 16797 | D:10     | Found a staircase to the Orcish Mines.
 17101 | D:10     | Bought a book of Transfigurations for 770 gold pieces
 17104 | D:10     | Learned a level 2 spell: Wereblood
 17111 | D:10     | Learned a level 6 spell: Blade Hands
 17119 | D:10     | Learned a level 7 spell: Dragon Form
 17130 | Orc:1    | Entered Level 1 of the Orcish Mines
 17300 | Orc:1    | Found a radiant altar of Vehumet.
 17437 | Orc:2    | Entered Level 2 of the Orcish Mines
 17573 | Orc:2    | Found a staircase to the Elven Halls.
 17614 | Orc:2    | Found Rujasips's Armour Shoppe.
 17768 | Orc:2    | Noticed Sonja
 17782 | Orc:2    | Killed Sonja
 18252 | Orc:2    | Found Geuwk's Magic Scroll Shoppe.
 18259 | Orc:2    | Bought a scroll of teleportation for 30 gold pieces
 18259 | Orc:2    | Bought a scroll of immolation for 35 gold pieces
 18259 | Orc:2    | Bought a scroll of enchant armour for 75 gold pieces
 18513 | Orc:2    | Noticed an orc warlord
 18520 | Orc:2    | Found Betakoan's Antique Weapon Emporium.
 18530 | Orc:2    | Killed an orc warlord
 18535 | Orc:2    | Found Uxof's Antique Armour Shoppe.
 19031 | Orc:1    | Found a radiant altar of Vehumet.
 19162 | D:11     | Reached skill level 18 in Unarmed Combat
 19749 | D:11     | Found a large runed translucent door.
 19749 | D:11     | Found a large runed translucent door.
 20396 | D:12     | Shot with an arrow by a centaur warrior

Illustrated notes

Levels and vault maps discovered:
D:1:      dpeg_arrival_shrine, layout_rooms, basic_ecumenical_altar,
          st_stairs_5, minivault_14
D:2:      layout_loops_ring, minmay_indecisive_spiral
D:3:      layout_basic, serial_shops, nicolae_shop_overgrown_old_shop
D:4:      layout_cave_pools, minmay_temple_entry_waves, minmay_lizard_king
D:5:      layout_loops_ring, minmay_crystal_room, uniq_crazy_yiuf_cottage,
          uniq_menkaure, uniq_sigmund
D:6:      layout_basic
D:7:      layout_basic, hangedman_feature_mirror, minivault_27,
          grunt_ministairs_9
D:8:      layout_cave_pools, nicolae_overflow_hidden_temple,
          erik_lair_orcish_takeover, minmay_bent
D:9:      layout_rooms, overflow_temple_1_default, nicolae_uskayaw_en_pointe,
          patterned_corridor, uniq_maurice
D:10:     layout_cave_pods, zin_statuary, david_orc_2, serial_shops, shop
D:11:     layout_cave_pools, serial_column_ruins, column_ruins_grid_1,
          column_ruins_grid_3, column_ruins_open_large,
          column_ruins_columns_corner, column_ruins_open_tiny,
          column_ruins_open_tiny, column_ruins_open_tiny, nrook_mini_vaults,
          lightli_elemental_guards
D:12:     minmay_triangles_in_corner, layout_irregular_city
Temple:   nicolae_temple_elliptical
Lair:1:   layout_loops_ring, minivault_24, grunt_forest_stairs_basic,
          chequers_serial_rivers_large_b, minmay_lair_oklob_items
Lair:2:   layout_misc_corridors, nicolae_swamp_entry_splash_gauntlet,
          beast_lair_carwin_8
Lair:3:   layout_hall_layers, infiniplex_staircase_pool_2
Lair:4:   lemuel_reptile_caves, layout_regular_city, spider_nest_entry_a,
          ebering_ghost_xom
Lair:5:   beast_lair_carwin_large_1, layout_gridlike, gauntlet_entry_generic,
          lemuel_fruit_fields, serial_bayou_shore_a
Lair:6:   due_jungle_book, layout_gridlike, slime_dummy, uniq_kirke
Orc:1:    layout_caves, basic_altar
Orc:2:    grunt_orc_community_town_hall, layout_diamond_mine,
          grunt_orc_community_big_house_2, grunt_orc_community_big_house_1,
          grunt_orc_community_house_3, grunt_orc_community_house_2,
          grunt_orc_community_house_2, grunt_orc_community_house_2,
          grunt_orc_community_house_3, uniq_sonja

Skill      XL: |  1  2  3  4  5  6  7  8  9 10 11 12 13 14 15 |
---------------+----------------------------------------------+-----
Unarmed Combat | 4 6 7 8 10 12 13 15 16 17 18 | 18.1
Transmutations | 3 7 10 11 12 13 14 | 14.1
Fighting       | 4 6 7 8 9 |  9.6
Invocations    | 4 6 7 8 9 |  9.6
Spellcasting   | 5 7 8 |  8.0
Dodging        | |  2.1

Action                   |  1- 3 |  4- 6 |  7- 9 | 10-12 | 13-15 || total
-------------------------+-------+-------+-------+-------+-------++-------
Melee: Unarmed           |   166 |   167 |   244 |   359 |   663 ||  1599
       Bite              |    17 |    13 |    11 |       |     4 ||    45
       Kick              |    13 |    31 |     8 |       |       ||    52
       Headbutt          |    12 |    18 |     4 |       |       ||    34
       Punch             |     4 |     3 |     4 |     1 |     2 ||    14
 Cast: Beastly Appendage |    18 |    18 |     5 |       |       ||    41
       Spider Form       |       |       |    16 |       |       ||    16
       Hydra Form        |       |       |     1 |    36 |    42 ||    79
       Ice Form          |       |       |       |     3 |     2 ||     5
       Wereblood         |       |       |       |       |     5 ||     5
       Blade Hands       |       |       |       |       |     1 ||     1
Invok: Minor Destruction |       |       |       |    25 |    27 ||    52
       Lesser Servant of |       |       |       |       |     2 ||     2
       Greater Servant o |       |       |       |       |     1 ||     1
Evoke: Wand              |       |       |     7 |    16 |    28 ||    51
       Lightning rod     |       |       |       |       |     4 ||     4
       Piece from Xom's  |       |       |       |       |     1 ||     1
  Use: Scroll            |       |     7 |     6 |    12 |     2 ||    27
       Potion            |       |     1 |     9 |     2 |       ||    12
 Stab: Distracted        |       |       |       |       |     1 ||     1
       Paralysed         |       |       |       |       |     3 ||     3
       Sleeping          |       |       |       |       |     1 ||     1
Armor: Robe              |    30 |     7 |       |       |       ||    37
       Ring mail         |       |    38 |    50 |     4 |    17 ||   109
       Skin              |       |       |     7 |    74 |   179 ||   260
Dodge: Dodged            |   152 |   131 |   236 |   102 |   248 ||   869

Table legend: (Time is in decaauts)
 A = Elapsed time spent in this place.
 B = Non-inter-level travel time spent in this place.
 C = Inter-level travel time spent in this place.
 D = Time resting spent in this place.
 E = Time spent auto-exploring this place.
 F = Levels seen in this place.
 G = Mean time per level.
                   A        B        C        D        E       F      G
               +--------+--------+--------+--------+--------+-----+--------+
         Total |  20093 |  18985 |   1108 |   1133 |  14382 |  22 |  913.3 |
       Dungeon |   9704 |   9085 |    619 |    507 |   6809 |  12 |  808.7 |
        Temple |    164 |    131 |     33 |      0 |    129 |   1 |  164.0 |
          Lair |   7597 |   7256 |    341 |    300 |   5789 |   6 | 1266.2 |
  Orcish Mines |   1978 |   1863 |    115 |      9 |   1549 |   2 |  989.0 |
      Gauntlet |    647 |    647 |      0 |    316 |    106 |   1 |  647.0 |
               +--------+--------+--------+--------+--------+-----+--------+

Top non-repeatable levels by time:
  Lair:6: 1947 daAuts
  Lair:1: 1541 daAuts
  Lair:2: 1492 daAuts
   Orc:2: 1212 daAuts
     D:7: 1081 daAuts
     D:3: 1044 daAuts
  Lair:4: 1038 daAuts
     D:5: 994 daAuts
     D:8: 973 daAuts
  Lair:5: 863 daAuts
    D:11: 848 daAuts
     D:4: 840 daAuts
     D:6: 813 daAuts
   Orc:1: 765 daAuts
     D:2: 746 daAuts
